 Dungeon Crawl Stone Soup version 0.30-b1-2-g02819fbbbe (webtiles) character file.

Game seed: 1777531695858281166

59033 HoaS the Marksdemigod (level 14, -16/122 HPs)
             Began as a Demigod Hunter on May 8, 2023.
             Demolished by a minotaur
             ... wielding a +3 great sword of protection
              (37 damage)
             ... in a Gauntlet on May 13, 2023.
             The game lasted 00:54:59 (16705 turns).

HoaS the Marksdemigod (Demigod Hunter)             Turns: 16705, Time: 00:55:00

Health: -16/122    AC: 20    Str: 16    XL:     14   Next: 16%
Magic:  17/17      EV: 34    Int: 11    God:
Gold:   1008       SH:  0    Dex: 43    Spells: 13/13 levels left

rFire   . . .        a - +4 shortbow (flame)
rCold   . . .        (shield currently unavailable)
rNeg    + . .        I - +0 acid dragon scales
rPois   .            r - +2 helmet
rElec   .            n - +2 cloak
rCorr   +            d - +2 pair of gloves
SInv    .            H - +0 pair of boots "Iferphoa" {Str+4 Dex+4}
Will    +....        v - amulet of regeneration
Stlth   +++          L - ring "Puerron" {+Blink rN+ rCorr AC+4}
HPRegen 1.20/turn    E - +6 ring of dexterity
MPRegen 0.15/turn

%: no teleportation
@: invisible
A: high MP 1, forlorn, divine attributes
a: Evoke Blink


You were in a Gauntlet.
You visited 2 branches of the dungeon, and saw 17 of its levels.
You also visited: Gauntlet.

You collected 1368 gold pieces.
You spent 360 gold pieces at shops.

Inventory:

Hand Weapons
 a - a +4 shortbow of flaming (weapon)
Missiles
 j - 3 throwing nets
Armour
 d - a +2 pair of gloves (worn)
 n - a +2 cloak (worn)
 r - a +2 helmet (worn)
 H - the +0 pair of boots "Iferphoa" (worn) {Str+4 Dex+4}
   (You acquired it on level 3 of the Lair of Beasts)

   Str:       It affects your strength (+4).
   Dex:       It affects your dexterity (+4).
 I - +0 acid dragon scales (worn)
 K - a +0 troll leather armour
Jewellery
 f - a ring of protection from fire
 h - a ring of flight
 v - an amulet of regeneration (around neck)
 B - a ring of willpower
 C - a +4 ring of protection
 E - a +6 ring of dexterity (right hand)
 F - a ring of poison resistance
 L - the ring "Puerron" (left hand) {+Blink rN+ rCorr AC+4}
   (You found it in a Gauntlet)

   [ring of protection]

   AC:        It affects your AC (+4).
   rN:        It protects you from negative energy.
   +Blink:    It lets you blink.
   rCorr:     It protects you from acid and corrosion.
Wands
 g - a wand of roots (16)
 k - a wand of mindburst (11)
 y - a wand of paralysis (6)
 z - a wand of flame (16)
 A - a wand of polymorph (8)
 G - a wand of quicksilver (1)
Scrolls
 b - 4 scrolls of immolation
 c - 3 scrolls of butterflies
 o - a scroll of enchant armour
 s - 2 scrolls of fog
 u - 11 scrolls of teleportation
 x - 13 scrolls of identify
 D - 2 scrolls of fear
Potions
 e - 2 potions of attraction
 i - 4 potions of curing
 l - 2 potions of cancellation
 m - 3 potions of flight
 p - a potion of ambrosia
 q - 2 potions of lignification
 t - a potion of mutation


   Skills:
 + Level 10.7 Fighting
 - Level 16.0 Ranged Weapons
 * Level 14.8 Dodging
 - Level 0.8 Stealth


You had 13 spell levels left.
You didn't know any spells.
Your spell library contained the following spells:

 Spells                   Type           Power      Damage    Failure   Level
 Foxfire                  Conj/Fire      0%         2x1d4     43%         1
 Cigotuvi's Dreadful Rot  Necr/Pois/Air  0%         N/A       58%         2
 Static Discharge         Conj/Air       0%         2-2/arc   58%         2
 Dazzling Flash           Conj/Hex       0%         N/A       82%         3
 Hailstorm                Conj/Ice       0%         3d3       82%         3
 Ignite Poison            Fire/Tmut/Pois 0%         N/A       82%         3
 Summon Guardian Golem    Hex/Summ       0%         N/A       82%         3
 Vhi's Electric Charge    Tloc/Air       0%         N/A       82%         3
 Volatile Blastmotes      Fire/Tloc      0%         2d10      82%         3
 Airstrike                Air            0%         2d(0-16)  99%         4
 Anguish                  Hex/Necr       0%         N/A       99%         4
 Ice Form                 Ice/Tmut       0%         N/A       99%         4
 Iskenderun's Mystic Bla  Conj/Tloc      0%         2d3       99%         4
 Manifold Assault         Tloc           0%         N/A       99%         4
 Olgreb's Toxic Radiance  Pois           0%         N/A       99%         4
 Summon Lightning Spire   Summ/Air       0%         N/A       99%         4
 Arcjolt                  Conj/Air       0%         1d10      100%        5
 Fireball                 Conj/Fire      0%         3d3       100%        5
 Freezing Cloud           Conj/Ice/Air   0%         6-21      100%        5
 Dispersal                Tloc           0%         N/A       100%        6
 Plasma Beam              Fire/Air       0%         2x1d11    100%        6
 Simulacrum               Ice/Necr       0%         N/A       100%        6
 Starburst                Conj/Fire      0%         6d3       100%        6
 Enfeeble                 Hex            0%         N/A       100%        7
 Orb of Destruction       Conj           0%         9d5       100%        7
 Spellforged Servitor     Conj/Summ      0%         N/A       100%        7
 Discord                  Hex            0%         N/A       100%        8
 Disjunction              Tloc           0%         N/A       100%        8
 Ignition                 Fire           0%         3d3       100%        8


Dungeon Overview and Level Annotations

Branches:
Dungeon (12/15)            Temple (0/1) D:4            Lair (5/5) D:8
  Swamp (0/4) Lair:2        Snake (0/4) Lair:2        Slime (0/5) Lair:5
    Orc (0/2) D:9         Gauntlet (1/1)

Shops:
D:3 [   D:6 =   D:7 :

Portals:
Abyss: Lair:5

Annotations:
D:9 2 transporters, Rayvis's ghost, novice MiFi
D:11 2 transporters Gauntlet 1 runed translucent door, 8 transporters


Innate Abilities, Weirdness & Mutations

You have an increased reservoir of magic. (+10% MP)
You shall have no god before yourself.
Your divine heritage dramatically boosts your attributes as you level up.


Message History

You shoot an arrow. The arrow hits the minotaur.
The arrow burns the minotaur.
The minotaur is almost dead.
The minotaur hits you with a +3 great sword of protection!!
The minotaur gores you.
You shoot an arrow.
The arrow hits the minotaur but does no damage.
The minotaur is almost dead.
The minotaur hits you with a +3 great sword of protection!!
* * * LOW HITPOINT WARNING * * *
The minotaur completely misses you.
You feel much better. The minotaur barely misses you.
The minotaur completely misses you.
You shoot an arrow.
The arrow hits the minotaur but does no damage.
The minotaur is almost dead.
The minotaur hits you but does no damage.
The minotaur gores you but does no damage.
You fade into invisibility!
The minotaur completely misses you. x2
You shoot an arrow. The arrow barely misses the minotaur.
You shoot an arrow. The arrow barely misses the minotaur.
The minotaur hits you with a +3 great sword of protection!
* * * LOW HITPOINT WARNING * * *
The minotaur gores you but does no damage.
You shoot an arrow. The arrow hits the minotaur.
The arrow burns the minotaur.
The minotaur is almost dead.
The minotaur hits you with a +3 great sword of protection!
* * * LOW HITPOINT WARNING * * *
The minotaur completely misses you.
You shoot an arrow.
The arrow hits the minotaur but does no damage.
The minotaur is almost dead.
The minotaur completely misses you. x2
You shoot an arrow. The arrow hits the minotaur.
The arrow burns the minotaur.
The minotaur is almost dead.
You shoot an arrow.
The arrow hits the minotaur but does no damage.
The minotaur is almost dead.
The minotaur hits you with a +3 great sword of protection!!!
You die...

######..## ^#^..#..≈#
.#.#(#.§## .#†#.#.§§#
#©##©#.§## .#†#.#..≈#
.#.#.#..##
^#^..#..≈#############
######..###.#...@....####
........##..#.#H####....#
######..#...# #. ####.#
.Y...#..#...###. #.#
#.#.[#.8#.©.#.#. #.#
#.#.Y#..#...#.#. #.#
#©#.©#.∩#.©...#. #.#
#.#.[#..#...#.#. #.#
#.#..#.8#.©.#.# #.#


You could see a minotaur (unable to see you).

Vanquished Creatures
  The ghost of Wuvuatt the Impaler, a journeyman MiBe of Trog (Lair:2)
  2 hydras
  Fannar (Lair:3)
  2 two-headed ogres
  A catoblepas (Lair:5)
  A boulder beetle (Lair:4)
  10 death yaks
  3 thrashing horrors (Lair:5)
  A soul eater (Gauntlet)
  A tengu warrior (D:8)
  4 skysharks
  A bog body (Lair:2)
  2 oklob plants
  A salamander (Lair:2)
  2 ugly things (Lair:5)
  3 cyclopes
  An elephant (shapeshifter) (Lair:5)
  4 elephants
  2 torpor snails
  8 black mambas
  A water nymph (shapeshifter) (Lair:5)
  15 cane toads
  An unseen horror (shapeshifter) (Lair:5)
  3 rime drakes
  6 komodo dragons
  2 ancient zymes (Lair:5)
  A meliai (shapeshifter) (Lair:5)
  2 polar bears
  3 burning bushes (Lair:3)
  A hornet (D:9)
  2 trolls
  24 blink frogs
  A large abomination (Lair:5)
  Sigmund (D:2)
  A vampire (D:10)
  8 wyverns
  3 wraiths
  34 yaks
  A yak (shapeshifter) (Lair:5)
  6 basilisks
  4 fire bats (D:9)
  3 chaos spawn (Lair:5)
  2 steam dragons (D:9)
  3 vampire mosquitoes
  A hell hound (D:9)
  11 water moccasins
  2 acid dragons
  A black bear (D:6)
  3 sky beasts
  9 ice beasts
  4 orc warriors
  28 wolves
  5 ogres
  11 centaurs
  3 phantoms
  10 small abominations (Lair:5)
  A kobold brigand (D:7)
  A gnoll sergeant (D:8)
  3 scorpions
  15 bullfrogs
  9 wights
  6 killer bees (D:9)
  3 howler monkeys
  6 lava snakes
  3 hounds (D:5)
  3 jellies
  7 orc priests
  A gnoll bouda (D:6)
  5 iguanas
  A sleepcap (D:6)
  11 orc wizards
  19 hell rats
  Robin (D:2)
  6 gnolls
  7 adders
  3 shadow imps (Gauntlet)
  3 white imps
  A worm (D:3)
  3 dart slugs
  41 orcs
  7 endoplasms
  A giant cockroach (D:4)
  10 hobgoblins
  7 jackals
  13 kobolds
  2 quokkas
  7 bats
  4 frilled lizards
  9 goblins (D:2)
  7 rats
  3 fire vortices (D:9)
496 creatures vanquished.

Vanquished Creatures (others)
  21 fungi
  25 plants
  10 withered plants (Lair:4)
56 creatures vanquished.

Grand Total: 552 creatures vanquished

Notes
Turn   | Place    | Note
-------+----------+-------------------------------------------
     0 | D:1      | HoaS the Demigod Hunter began the quest for the Orb.
     0 | D:1      | Reached XP level 1. HP: 17/17 MP: 3/3
   148 | D:1      | Reached skill level 4 in Ranged Weapons
   287 | D:1      | Reached XP level 2. HP: 24/24 MP: 4/4
   685 | D:2      | Noticed Sigmund
   964 | D:2      | Identified the +0 robe of Noon {rC++ Int+2}
  1121 | D:2      | Reached XP level 3. HP: 28/29 MP: 5/5
  1197 | D:2      | Noticed Robin
  1200 | D:2      | Killed Robin
  1520 | D:2      | Reached skill level 5 in Ranged Weapons
  1897 | D:3      | Reached XP level 4. HP: 36/36 MP: 6/6
  2075 | D:3      | Found Aloczarr's Armour Emporium.
  2637 | D:4      | Found a staircase to the Ecumenical Temple.
  2689 | D:4      | Noticed an ogre
  2702 | D:4      | Killed an ogre
  2703 | D:4      | Reached skill level 6 in Ranged Weapons
  2703 | D:4      | Reached XP level 5. HP: 41/41 MP: 7/7
  2798 | D:4      | Reached skill level 7 in Ranged Weapons
  2798 | D:4      | Reached XP level 6. HP: 48/48 MP: 8/8
  3239 | D:5      | Entered Level 5 of the Dungeon
  3432 | D:5      | Reached skill level 8 in Ranged Weapons
  3558 | D:5      | Noticed a wyvern
  3565 | D:5      | HP: 1/48 [wyvern (16)]
  3569 | D:5      | Killed a wyvern
  3570 | D:5      | Reached XP level 7. HP: 11/53 MP: 9/9
  3807 | D:4      | Reached skill level 9 in Ranged Weapons
  4186 | D:6      | Reached XP level 8. HP: 33/60 MP: 10/10
  4358 | D:5      | Reached skill level 10 in Ranged Weapons
  4680 | D:6      | Found Deoclam's Jewellery Boutique.
  4860 | D:6      | Reached skill level 11 in Ranged Weapons
  5321 | D:7      | Found a transporter.
  5575 | D:7      | Found a transporter.
  5583 | D:7      | Found Rota's Tremendous Tomes.
  5615 | D:7      | Reached XP level 9. HP: 67/67 MP: 11/11
  5734 | D:7      | Noticed a cyclops
  5808 | D:7      | Reached skill level 12 in Ranged Weapons
  6276 | D:2      | Killed Sigmund
  6373 | D:6      | Bought an amulet of regeneration for 360 gold pieces
  6751 | D:8      | Reached skill level 13 in Ranged Weapons
  6834 | D:8      | Noticed a rime drake
  6951 | D:8      | Found a staircase to the Lair.
  7043 | D:8      | Reached skill level 14 in Ranged Weapons
  7070 | D:7      | Reached XP level 10. HP: 73/73 MP: 13/13
  7371 | D:8      | Noticed a two-headed ogre
  7388 | D:8      | Killed a two-headed ogre
  7470 | D:8      | Noticed a tengu warrior
  7532 | D:9      | Found a transporter.
  7540 | D:9      | Found a transporter.
  7544 | D:9      | Noticed Rayvis's ghost (novice MiFi)
  7580 | D:9      | Reached skill level 15 in Ranged Weapons
  7597 | D:9      | Found a staircase to the Orcish Mines.
  8522 | D:9      | Reached skill level 16 in Ranged Weapons
  8638 | Lair:1   | Entered Level 1 of the Lair of Beasts
  8643 | Lair:1   | Reached XP level 11. HP: 80/80 MP: 14/14
  8794 | Lair:1   | Reached skill level 5 in Dodging
  9195 | Lair:1   | You fall into a shaft and drop 1 floor!
  9274 | Lair:2   | Found a staircase to the Snake Pit.
  9409 | Lair:2   | Found a staircase to the Swamp.
  9448 | Lair:1   | Reached skill level 5 in Fighting
 10036 | Lair:2   | Found a runed translucent door.
 10037 | Lair:2   | Noticed Wuvuatt's ghost (journeyman MiBe)
 10052 | Lair:2   | Noticed a bog body
 10535 | Lair:2   | Killed a bog body
 10671 | Lair:3   | Noticed a death yak
 10693 | Lair:2   | Killed a death yak
 10708 | Lair:3   | Reached XP level 12. HP: 68/96 MP: 15/15
 10749 | Lair:3   | Noticed Fannar
 10762 | Lair:3   | Killed Fannar
 10879 | Lair:3   | Noticed a five-headed hydra
 10884 | Lair:3   | Killed a five-headed hydra
 11000 | Lair:3   | Reached skill level 10 in Dodging
 11040 | Lair:3   | Identified a scroll of acquirement
 11040 | Lair:3   | Acquired the +0 pair of boots "Iferphoa" {Str+4 Dex+4}
 12096 | Lair:4   | Noticed a five-headed hydra
 12136 | Lair:4   | Killed a five-headed hydra
 12324 | Lair:4   | Reached XP level 13. HP: 100/108 MP: 16/16
 12949 | Lair:5   | Entered Level 5 of the Lair of Beasts
 13084 | Lair:5   | Found a staircase to the Slime Pits.
 13730 | Lair:5   | Reached skill level 10 in Fighting
 13739 | Lair:5   | Found a one-way gate to the infinite horrors of the Abyss.
 14610 | Lair:2   | Killed Wuvuatt's ghost
 14889 | D:10     | Entered Level 10 of the Dungeon
 15074 | D:10     | Identified the +1 cloak "Wuguizul" {Stlth+}
 15417 | D:11     | Reached XP level 14. HP: 122/122 MP: 17/17
 15865 | D:11     | Found a transporter.
 15961 | D:11     | Found a transporter.
 16249 | D:12     | Found a gate leading to a gauntlet.
 16259 | Gauntlet | Entered a Gauntlet
 16259 | Gauntlet | Found a runed translucent door.
 16259 | Gauntlet | Found a transporter.
 16259 | Gauntlet | Found a runed translucent door.
 16259 | Gauntlet | Found a transporter.
 16265 | Gauntlet | Found a transporter.
 16277 | Gauntlet | Found a transporter.
 16295 | Gauntlet | Found a transporter.
 16295 | Gauntlet | Found a transporter.
 16295 | Gauntlet | Found a transporter.
 16297 | Gauntlet | Found a transporter.
 16297 | Gauntlet | Found a transporter.
 16309 | Gauntlet | Found a transporter.
 16325 | Gauntlet | Found a transporter.
 16335 | Gauntlet | Found a transporter.
 16350 | Gauntlet | Found a transporter.
 16385 | Gauntlet | Found a transporter.
 16626 | Gauntlet | Identified the ring "Puerron" {+Blink rN+ rCorr AC+4}
 16670 | Gauntlet | Identified the +4 ring mail "Riqo" {rPois MP+9 Int-3}
 16705 | Gauntlet | Demolished by a minotaur

Illustrated notes

Levels and vault maps discovered:
D:1:      lemuel_arrival_funnel, layout_basic, st_stairs_7
D:2:      layout_loops_cross, uniq_robin, uniq_sigmund
D:3:      layout_loops_ring, serial_shops, nicolae_lakefront_shop,
          kennysheep_generic_room_10
D:4:      layout_loops_ring, minitemple, minmay_temple_entry_crystal_x
D:5:      layout_loops_cross
D:6:      layout_loops_ring, grunt_temple_overflow_open, serial_shops,
          nicolae_shop_stone
D:7:      gammafunk_the_bubble [the_bubble_gammafunk_crates],
          layout_loops_corners, nicolae_shop_i_like_big_books
D:8:      minmay_slanted_spiral_squares, layout_rooms,
          chequers_temple_overflow_minitemple, hellmonk_lair_entry_icy,
          roderic_lattice_a, st_stairs_8, corexii_corridor_pit
D:9:      layout_irregular_city, minmay_orc_entry_temple_small,
          gammafunk_ghost_stat_death, hangedman_incinerator
D:10:     layout_cave_pools
D:11:     gammafunk_beogh_shrine, layout_loops_corners
D:12:     layout_irregular_city, gauntlet_entry_generic
Lair:1:   layout_cave_shapes
Lair:2:   wander_river, layout_hall_layers, skrybe_swamp_entry_bodies,
          nicolae_snake_entry_warm_welcome, gammafunk_ghost_grave
Lair:3:   nzn_winding_woodlands_stair_trap [nzn_winding_woodlands_5x15_pockets,
          nzn_winding_woodlands_5x15_cabin, nzn_winding_woodlands_5x15_sawtooth,
          nzn_winding_woodlands_15x15_eel_pit,
          nzn_winding_woodlands_5x15_longhouse,
          nzn_winding_woodlands_5x15_jagged,
          nzn_winding_woodlands_5x15_crooked], layout_gridlike, evilmike_ambush
          [evilmike_ambush_outer_basic, evilmike_ambush_inner_basic],
          uniq_fannar
Lair:4:   layout_regular_city, pdpol_lair_neglected_garden, serial_bayou_pond_b,
          lemuel_fruit_fields
Lair:5:   hellmonk_lair_end_abyssal_woods, layout_regular_city, slime_entry_1
Gauntlet: gammafunk_gauntlet_mixed_choke_point
          [minmay_gauntlet_arena_77_terracotta_army,
          minmay_gauntlet_arena_77_shame_cube, minmay_gauntlet_arena_77_mirror,
          gammafunk_gauntlet_arena_hedges, minmay_gauntlet_arena_77_checkered,
          minmay_gauntlet_arena_77_chump_sandwich,
          minmay_gauntlet_arena_77_two_paths, dreamdust_gauntlet_exit_labyrinth]

Skill      XL: |  1  2  3  4  5  6  7  8  9 10 11 12 13 |
---------------+----------------------------------------+-----
Ranged Weapons | 4 5 6 7 8 9 11 14 16 | 16.0
Fighting       | 2 6 8 10 | 10.7
Dodging        | 2 8 11 14 | 14.8
Stealth        | |  0.8

Action                     |  1- 3 |  4- 6 |  7- 9 | 10-12 | 13-15 || total
---------------------------+-------+-------+-------+-------+-------++-------
  Melee: Unarmed           |       |       |       |     8 |       ||     8
         Shortbow          |       |       |       |     7 |       ||     7
   Fire: Shortbow          |   154 |   120 |   336 |   919 |   635 ||  2164
  Evoke: Wand              |       |     1 |       |       |       ||     1
    Use: Scroll            |     8 |     8 |     8 |     8 |     6 ||    38
         Potion            |       |     1 |       |     2 |     4 ||     7
 Armour: Leather armour    |    42 |    20 |    84 |   183 |    63 ||   392
         Skin              |       |       |       |     3 |       ||     3
         Troll leather arm |       |       |       |       |     6 ||     6
         Acid dragon scale |       |       |       |       |    10 ||    10
  Dodge: Dodged            |    43 |    64 |    81 |   367 |   306 ||   861
  Block: Other             |    11 |    17 |    17 |       |       ||    45
         Reflection        |     2 |       |     3 |       |       ||     5
